AoeStats
← Chlupinek

Black Forest

505329387Analyzed
4v4 RM · 22d ago on Sep 8, 2026· 40m 43s· 8 players
Game mode
Random Map
Map size
Large (8 player)
Population
200
Speed
Normal
Resources
Standard
Victory
Conquest
Starting age
Dark Age
Ending age
Imperial Age
RankedLock teamsTeams togetherTeam positionsShared explorationLock speedFull tech treeHidden civsTurbo modeCheats
Victory
Defeat
🇸🇪 Franks · Sweden
1686
+10
🇸🇪 Lithuanians · Sweden
1630
+12
🇨🇿 Teutons · Czechia
1594
+14
🇨🇴 Celts · Colombia
1589
+14
🇦🇷 Dravidians · Argentina
1602
-15
🇦🇷 Italians · Argentina
1552
-13
🇦🇷 Vikings · Argentina
1538
-12
🇺🇸 Bengalis · United States
1484
-10
Chlupinek
1:04 Loom
14:32 Feudal Age
15:34 Double-Bit Axe
18:31 Horse Collar
23:54 Castle Age
22:40 Gold Mining
27:53 Imperial Age
26:29 Bow Saw
27:51 Padded Archer Armor
27:53 Fishing Lines
29:35 Chemistry
29:41 Two-Man Saw
29:13 Heavy Plow
31:26 Leather Archer Armor
32:51 Stone Mining
36:07 Gillnets
37:08 Caravan
38:09 Wheelbarrow
39:44 Crop Rotation
Ux'LeonzAoe
11:04 Feudal Age
14:41 Castle Age
13:05 Double-Bit Axe
14:32 Fishing Lines
16:04 Bow Saw
17:29 Loom
21:25 Gillnets
22:30 Horse Collar
23:32 Heavy Plow
24:40 Wheelbarrow
24:19 Town Watch
25:40 Hand Cart
25:22 Gold Mining
25:24 Stone Mining
26:03 Fletching
29:43 Imperial Age
28:10 Gold Shaft Mining
27:37 Scale Mail Armor
29:15 Stone Shaft Mining
28:59 Chain Mail Armor
29:20 Arson
30:34 Furor Celtica
30:47 Conscription
30:04 Capped Ram
31:46 Plate Mail Armor
31:27 Forging
31:27 Siege Ram
34:22 Iron Casting
33:44 Elite Woad Raider
36:13 Blast Furnace
35:55 Siege Engineers
36:46 Bodkin Arrow
37:17 Ballistics
37:59 Chemistry
38:48 Coinage
38:29 Guilds
38:20 Caravan
38:54 Masonry
38:25 Treadmill Crane
40:02 Hoardings
39:25 Stronghold
hurm0k [PT]
0:28 Loom
12:51 Feudal Age
16:49 Horse Collar
18:47 Scale Barding Armor
26:20 Wheelbarrow
31:22 Castle Age
30:26 Stone Mining
31:36 Double-Bit Axe
32:38 Hand Cart
38:16 Imperial Age
37:44 Bloodlines
37:34 Husbandry
37:59 Chain Barding Armor
39:44 Conscription
41:07 Chemistry
40:40 Fletching
40:51 Padded Archer Armor
19x2026
7:58 Loom
12:22 Feudal Age
16:36 Castle Age
14:38 Fishing Lines
16:28 Scale Barding Armor
16:08 Double-Bit Axe
18:57 Bow Saw
19:49 Gillnets
26:48 Gold Mining
28:55 Gold Shaft Mining
30:11 Wheelbarrow
35:21 Imperial Age
33:25 Hand Cart
33:31 Chain Barding Armor
33:22 Forging
33:13 Husbandry
35:39 Iron Casting
35:29 Cavalier
36:46 Plate Barding Armor
36:33 Conscription
37:05 Caravan
37:35 Coinage
38:08 Blast Furnace
37:31 Paladin
39:24 Heresy
39:44 #83
39:28 Chivalry
40:04 Stone Mining
41:29 Coinage
PaRappa56
0:35 Loom
11:31 Feudal Age
11:55 Man-at-Arms
13:26 Town Watch
16:02 Wheelbarrow
18:13 Fletching
19:27 Double-Bit Axe
25:28 Castle Age
23:33 Horse Collar
24:03 Stone Mining
24:31 Gold Mining
24:54 Padded Archer Armor
25:31 Crossbowman
26:25 Bodkin Arrow
27:21 Bow Saw
35:23 Imperial Age
34:11 Leather Archer Armor
35:47 Bloodlines
35:38 Husbandry
36:15 Ballistics
37:02 Hand Cart
[Gaucho]El_Guille
8:33 Loom
9:04 Loom
11:31 Feudal Age
15:35 Castle Age
13:30 Fishing Lines
13:55 Double-Bit Axe
19:02 Bow Saw
24:52 Gillnets
26:56 Horse Collar
27:59 Heavy Plow
28:56 Wheelbarrow
31:47 Imperial Age
29:55 Hand Cart
30:24 Fletching
30:35 Padded Archer Armor
31:07 Silk Road
31:04 Bodkin Arrow
31:45 Ballistics
31:50 Gold Mining
31:51 Stone Mining
33:34 Chemistry
32:36 Bracer
32:59 Conscription
33:34 Masonry
35:12 Stone Shaft Mining
35:43 Leather Archer Armor
35:42 Scale Mail Armor
35:56 Forging
36:47 Chain Mail Armor
36:58 Squires
38:09 Iron Casting
38:54 Plate Mail Armor
39:04 Coinage
[Gaucho]Batata
0:52 Loom
10:31 Feudal Age
10:42 Man-at-Arms
12:00 Double-Bit Axe
16:17 Horse Collar
27:26 Castle Age
25:38 Gold Mining
25:38 Stone Mining
27:33 Pikeman
28:34 Bow Saw
34:45 Wheelbarrow
36:50 Imperial Age
35:51 Heavy Plow
37:13 Wheelbarrow
37:39 Scale Mail Armor
39:03 Chain Mail Armor
38:14 Halberdier
39:27 Forging
39:51 Hand Cart
[Gaucho] Bahco
10:51 Feudal Age
16:29 Castle Age
15:29 Double-Bit Axe
15:31 Loom
17:55 Bow Saw
18:50 Scale Barding Armor
21:29 Forging
37:09 Imperial Age
35:02 Fletching
35:13 Padded Archer Armor
36:11 Crossbowman
36:52 Bodkin Arrow
37:55 Leather Archer Armor
37:13 Arbalester
38:20 Ballistics
39:07 Chemistry
40:29 Bracer
Connection lost

Rejoining the realm…

Still unreachable

The connection could not be restored.

Session expired

The server has moved on; the page needs a fresh start.